[ PARTIDA AOE2 · #472660726 ]
UnrankedBorgoñones vs Franks
Equipo del jugador · DERR
[ ANÁLISIS DE REPETICIÓN · EXTRAÍDO DE LA PARTIDA GRABADA ]
Feudal
—
Castillos
—
Imperial
—
| APM promedio | 29.9 |
| APM pico | 59 |
| eAPM promedio | 9.4 |
| Aldeanos / militares | 7 / 0 |
Foco
⚔️ 31.0% · 🌾 69.0%
Fishing Ship ×1
Feudal
—
Castillos
—
Imperial
—
| APM promedio | 30.6 |
| APM pico | 42 |
| eAPM promedio | 16.5 |
| Aldeanos / militares | 5 / 0 |
Foco
⚔️ 27.1% · 🌾 72.9%
Fishing Ship ×1
Feudal
—
Castillos
—
Imperial
—
| APM promedio | 35.0 |
| APM pico | 46 |
| eAPM promedio | 12.6 |
| Aldeanos / militares | 6 / 0 |
Foco
⚔️ 32.5% · 🌾 67.5%
Feudal
—
Castillos
—
Imperial
—
| APM promedio | 33.1 |
| APM pico | 63 |
| eAPM promedio | 9.2 |
| Aldeanos / militares | 7 / 0 |
Foco
⚔️ 15.2% · 🌾 84.8%
Fishing Ship ×1
Feudal
—
Castillos
—
Imperial
—
| APM promedio | 32.6 |
| APM pico | 48 |
| eAPM promedio | 8.6 |
| Aldeanos / militares | 7 / 0 |
Foco
⚔️ 20.0% · 🌾 80.0%
Feudal
—
Castillos
—
Imperial
—
| APM promedio | 59.2 |
| APM pico | 79 |
| eAPM promedio | 15.9 |
| Aldeanos / militares | 6 / 0 |
Foco
⚔️ 31.8% · 🌾 68.2%
Fishing Ship ×3
Feudal
—
Castillos
—
Imperial
—
| APM promedio | 41.0 |
| APM pico | 59 |
| eAPM promedio | 8.8 |
| Aldeanos / militares | 8 / 0 |
Foco
⚔️ 35.7% · 🌾 64.3%
Fishing Ship ×2
Feudal
—
Castillos
—
Imperial
—
| APM promedio | 21.8 |
| APM pico | 39 |
| eAPM promedio | 11.7 |
| Aldeanos / militares | 25 / 0 |
Foco
⚔️ 8.5% · 🌾 91.5%
Fishing Ship ×2
Mapa de la partida
Recursos iniciales + cada clic de construcción. Líneas = muros · curvas = relieve. ◆ oro · ⬟ piedra · ● bayas · ✦ reliquia · ◌ hueco del cierre
Tu base
Base de DGHIR | Qeetsa
Base de Dark_Knight
Base de ♿ Lastkraftwagenfahrer
Base de DGHIR | Black Monk
Base de (¬|)¬(>= Marksm4n
Base de DGHIR | Garezo
Base de KiTz
Terreno inicial suavizado · ◌ = hueco del cierre detectado · pasá el cursor para detalles
Inputs por minuto
— DGHIR | LuckY Gui3 - - DGHIR | Qeetsa
Build order — DGHIR | LuckY Gui3
13 acciones detectadas en el replay
| 0:37 | Construir | Town Center |
| 0:41 | Construir | Town Center |
| 1:19 | Construir | Dock |
| 1:22 | Construir | House |
| 2:28 | Construir | House |
| 2:50 | Crear | Villager (Male) |
| 2:50 | Crear | Villager (Male) |
| 2:51 | Crear | Villager (Male) |
| 2:51 | Crear | Villager (Male) |
| 2:51 | Crear | Villager (Male) |
| 4:13 | Crear | Fishing Ship |
| 4:40 | Crear | Villager (Male) |
| 4:40 | Crear | Villager (Male) |
Build order — DGHIR | Qeetsa
11 acciones detectadas en el replay
| 0:06 | Construir | Town Center |
| 0:10 | Construir | House |
| 1:55 | Construir | Dock |
| 2:38 | Construir | Palisade Wall |
| 2:39 | Crear | Villager (Male) |
| 2:39 | Crear | Villager (Male) |
| 2:39 | Crear | Villager (Male) |
| 2:41 | Crear | Villager (Male) |
| 4:07 | Crear | Fishing Ship |
| 4:12 | Investigar | Loom |
| 4:27 | Crear | Villager (Male) |
Build order — Dark_Knight
12 acciones detectadas en el replay
| 0:19 | Construir | Town Center |
| 1:51 | Construir | Dock |
| 2:54 | Investigar | Loom |
| 2:54 | Investigar | Loom |
| 2:55 | Crear | Villager (Male) |
| 2:55 | Crear | Villager (Male) |
| 2:56 | Crear | Villager (Male) |
| 2:56 | Crear | Villager (Male) |
| 2:56 | Crear | Villager (Male) |
| 4:02 | Construir | House |
| 4:07 | Construir | House |
| 5:08 | Crear | Villager (Male) |
Build order — ♿ Lastkraftwagenfahrer
12 acciones detectadas en el replay
| 0:16 | Construir | Town Center |
| 1:13 | Construir | Dock |
| 1:14 | Construir | House |
| 2:35 | Crear | Villager (Male) |
| 2:35 | Crear | Villager (Male) |
| 2:36 | Crear | Villager (Male) |
| 2:54 | Crear | Villager (Male) |
| 3:28 | Crear | Villager (Male) |
| 3:53 | Crear | Fishing Ship |
| 4:19 | Crear | Villager (Male) |
| 4:24 | Construir | House |
| 4:41 | Crear | Villager (Male) |
Build order — DGHIR | Black Monk
12 acciones detectadas en el replay
| 0:06 | Construir | House |
| 1:04 | Construir | Town Center |
| 1:55 | Construir | Dock |
| 3:21 | Crear | Villager (Male) |
| 3:21 | Crear | Villager (Male) |
| 3:22 | Crear | Villager (Male) |
| 3:28 | Crear | Villager (Male) |
| 3:35 | Crear | Villager (Male) |
| 3:35 | Crear | Villager (Male) |
| 4:16 | Construir | House |
| 4:25 | Construir | House |
| 4:32 | Crear | Villager (Male) |
Build order — (¬|)¬(>= Marksm4n
16 acciones detectadas en el replay
| 0:10 | Construir | Town Center |
| 0:34 | Construir | Dock |
| 1:03 | Construir | House |
| 2:10 | Construir | House |
| 2:25 | Construir | House |
| 2:42 | Crear | Villager (Male) |
| 2:43 | Crear | Villager (Male) |
| 2:48 | Crear | Villager (Male) |
| 2:48 | Crear | Villager (Male) |
| 2:49 | Crear | Villager (Male) |
| 3:35 | Crear | Villager (Male) |
| 4:07 | Crear | Fishing Ship |
| 4:07 | Crear | Fishing Ship |
| 4:58 | Investigar | Loom |
| 4:58 | Investigar | Loom |
| 5:04 | Crear | Fishing Ship |
Build order — DGHIR | Garezo
16 acciones detectadas en el replay
| 0:12 | Construir | Town Center |
| 1:09 | Construir | House |
| 1:11 | Construir | Dock |
| 2:32 | Crear | Villager (Male) |
| 2:32 | Crear | Villager (Male) |
| 2:32 | Crear | Villager (Male) |
| 2:33 | Crear | Villager (Male) |
| 2:33 | Crear | Villager (Male) |
| 2:34 | Crear | Villager (Male) |
| 3:44 | Crear | Fishing Ship |
| 3:44 | Crear | Fishing Ship |
| 4:03 | Construir | House |
| 4:11 | Crear | Villager (Male) |
| 4:12 | Crear | Villager (Male) |
| 4:32 | Investigar | Loom |
| 4:33 | Investigar | Loom |
Build order — KiTz
15 acciones detectadas en el replay
| 0:19 | Construir | Town Center |
| 0:33 | Construir | Dock |
| 1:25 | Construir | House |
| 2:48 | Crear | Villager (Male) ×5 |
| 2:48 | Crear | Villager (Male) ×5 |
| 2:48 | Crear | Villager (Male) ×5 |
| 2:48 | Crear | Villager (Male) ×5 |
| 3:31 | Crear | Villager (Male) |
| 3:31 | Crear | Villager (Male) |
| 3:31 | Crear | Villager (Male) |
| 3:48 | Crear | Fishing Ship |
| 4:17 | Construir | House |
| 5:00 | Crear | Fishing Ship |
| 5:08 | Crear | Villager (Male) |
| 5:08 | Crear | Villager (Male) |
Cronología de la partida
| 0:33 | KiTz · first_building Dock |
| 0:34 | (¬|)¬(>= Marksm4n · first_building Dock |
| 1:11 | DGHIR | Garezo · first_building Dock |
| 1:13 | ♿ Lastkraftwagenfahrer · first_building Dock |
| 1:19 | DGHIR | LuckY Gui3 · first_building Dock |
| 1:51 | Dark_Knight · first_building Dock |
| 1:55 | DGHIR | Black Monk · first_building Dock |
| 1:55 | DGHIR | Qeetsa · first_building Dock |
| 2:38 | DGHIR | Qeetsa · wall_segment Palisade Wall x1 |
| 4:46 | DGHIR | Black Monk · resign |
[ ANÁLISIS IA · 1 CRÉDITO ]
¿Qué pasó realmente en esta partida?
Wolo.gg analiza cada decisión: build order, eco, micro, errores típicos por bracket. Análisis personalizado por WhatsApp o Discord en 30 segundos.
Guía civ
Borgoñones
Perfil
Jugador #4854188